 Dungeon Crawl Stone Soup version 0.22-a0-99-g1ac4c55 (webtiles) character file.

9 lemonriz the Charmwright (level 2, -1/22 HPs)
             Began as a Merfolk Skald on Jan 25, 2018.
             Slain by a tentacled starspawn (3 damage)
             ... on level 3 of the Abyss.
             The game lasted 00:01:28 (470 turns).

lemonriz the Charmwright (Merfolk Skald)             Turns: 470, Time: 00:01:29

Health: -1/22      AC:  3    Str: 11    XL:     2   Next: 12%
Magic:  5/5        EV: 12    Int: 12    God:
Gold:   0          SH:  0    Dex: 13    Spells: 4/5 levels left

rFire    . . .     SeeInvis .   a - +0 spear
rCold    . . .     Gourm    .   (no shield)
rNeg     . . .     Faith    .   b - +0 leather armour
rPois    .         Spirit   .   (no helmet)
rElec    .         Reflect  .   (no cloak)
rCorr    .         Harm     .   (no gloves)
MR       .....                  (no boots)
Stlth    +.........             (no amulet)
HPRegen  0.07/turn              (no ring)
MPRegen  0.09/turn              (no ring)

@: no status effects
A: change form in water, swift swim, stealthy swim
a: no special abilities


You were on level 3 of the Abyss.
You were not hungry.

You visited 1 branch of the dungeon, and saw 1 of its levels.
You visited the Abyss 1 time.

Inventory:

Hand Weapons
 a - a +0 spear (weapon)
Armour
 b - a +0 leather armour (worn)
Scrolls
 f - a scroll of identify {unknown}
Potions
 e - a potion of agility {unknown}
Books
 c - a book of Battle

   Spells                             Type                      Level
   a - Infusion                       Charms                       1
   b - Shroud of Golubria             Charms/Translocation         2
   c - Song of Slaying                Charms                       2
   d - Spectral Weapon                Hexes/Charms                 3
   e - Regeneration                   Charms/Necromancy            3
Miscellaneous
 g - a lamp of fire
Comestibles
 d - a ration


   Skills:
 - Level 2.1 Fighting
 + Level 3.6 Polearms
 - Level 0.6 Armour
 - Level 2.6 Dodging
 - Level 2.0 Spellcasting
 + Level 3.6 Charms


You had 4 spell levels left.
You knew the following spells:

 Your Spells              Type           Power        Failure   Level  Hunger
a - Infusion              Chrm           #...         8%          1    ##.....


Dungeon Overview and Level Annotations

Branches:
Dungeon (1/15)

Altars:


Message History

You hit the tentacled starspawn but do no damage.
A tentacle flies out from the starspawn's body!
A starspawn tentacle comes into view.
A starspawn tentacle comes into view.
The starspawn tentacle grabs you. The starspawn tentacle constricts you.
You escape the starspawn tentacle's grasp.
Found a ration.
A spatial vortex comes into view.
A tentacle flies out from the starspawn's body!
A starspawn tentacle comes into view. 2 spatial vortices and a tentacled starspawn come into view.
A tentacle flies out from the starspawn's body!
A starspawn tentacle comes into view.
The tentacled starspawn closely misses you.
The tentacled starspawn engulfs you!
A spatial vortex and a starspawn tentacle come into view.
The tentacled starspawn bites you!
* * * LOW HITPOINT WARNING * * *
The tentacled starspawn engulfs you.
You die...

##... ..#v##
..v.. ....##
. ..# . v#
#####..##. ..
#...X###.##.#
####@..#%..
#.#.X#.#####
##.##w#....#
#.###.#######
## . ...##..#
#.###.#.###
.. ##..###.
.#. #.## #.
.. . ##. #.


You could see 2 tentacled starspawn, 2 spatial vortices and a starspawn
tentacle.

Vanquished Creatures
  A bat (D:1)
  2 hobgoblins (D:1)
  2 jackals (D:1)
  A frilled lizard (D:1)
  A kobold (D:1)
  A rat (D:1)
8 creatures vanquished.

Vanquished Creatures (others)
  9 starspawn tentacles (Abyss:3)
9 creatures vanquished.

Grand Total: 17 creatures vanquished

Notes
Turn   | Place    | Note
-------+----------+-------------------------------------------
     0 | D:1      | lemonriz the Merfolk Skald began the quest for the Orb.
     0 | D:1      | Reached XP level 1. HP: 16/16 MP: 3/3
    83 | D:1      | Reached XP level 2. HP: 13/22 MP: 5/5
   329 | D:1      | Cast into level 1 of the Abyss (goblin)
   338 | Abyss:1  | Noticed a hell knight
   367 | Abyss:2  | Found a corrupted altar of Lugonu.
   398 | Abyss:3  | Noticed a tentacled starspawn
   464 | Abyss:3  | Noticed a spatial vortex
   466 | Abyss:3  | Noticed a tentacled starspawn
   466 | Abyss:3  | Noticed a spatial vortex
   466 | Abyss:3  | Noticed a spatial vortex
   470 | Abyss:3  | Noticed a spatial vortex
   470 | Abyss:3  | Slain by a tentacled starspawn

Vault maps used:
D:1:      lightli_iron_boxes
Abyss:2:  lemuel_flamethrower_3, evilmike_abyss_exit_3,
          hangedman_decor_peaks_small
Abyss:3:  hangedman_abyss_river_spirits, due_evilmike_abyss_rune_seething_liches

Action                   || total
-------------------------++-------
Melee: Spear             ||    27
 Cast: Infusion          ||     1
Armor: Leather armour    ||     9
Dodge: Dodged            ||    20

Table legend:
 A = Spawn XP
 B = Non-spawn XP
 C = Spawn XP percentage of total XP
 D = Spawn monster count
 E = Non-spawn monster count
 F = Spawn count percentage of total count
 G = Total turns spent on level
                    A         B        C        D         E        F      G
               +---------+---------+-------+---------+---------+-------+---------
         Total |       0 |      13 |   0.0 |       0 |       8 |   0.0 |   470
               +---------+---------+-------+---------+---------+-------+---------
           D:1 |       0 |      13 |   0.0 |       0 |       8 |   0.0 |   329
               +---------+---------+-------+---------+---------+-------+---------
